 Dungeon Crawl Stone Soup version 0.20.0-10-g0535bb4 (console) character file.

130 Gottschkopf the Ducker (level 5, -4/28 HPs)
             Began as a Kobold Wizard on June 7, 2017.
             Killed by divine providence
             ... invoked by an orc priest
              (13 damage)
             ... on level 3 of the Dungeon.
             The game lasted 00:09:24 (3931 turns).

Gottschkopf the Ducker (Kobold Wizard)              Turns: 3931, Time: 00:09:25

Health: -4/28      AC:  3    Str:  4    XL:     5   Next: 36%
Magic:  0/9        EV: 14    Int: 20    God:
Gold:   165        SH:  5    Dex: 14    Spells: 2/10 levels left

rFire    . . .     SeeInvis .   h - +0 dagger
rCold    + . .     Gourm    .   (shield restricted)
rNeg     . . .     Faith    .   a - +0 robe
rPois    +         Spirit   .   i - +0 helmet
rElec    .         Reflect  +   (no cloak)
rCorr    .         Harm     .   (no gloves)
MR       .....                  (no boots)
Stlth    ++........             f - +5 amulet of reflection
Regen    0.1/turn               l - ring of protection from cold
MPRegen  0.2/turn               n - ring of poison resistance

@: very slightly contaminated, heavily drained
A: carnivore 3
a: no special abilities


You were on level 3 of the Dungeon.
You were very full.

You visited 1 branch of the dungeon, and saw 3 of its levels.

You collected 165 gold pieces.

Inventory:

Hand Weapons
 h - a +0 dagger (weapon)
Missiles
 e - 65 stones (quivered)
Armour
 a - a +0 robe (worn)
 b - a +0 hat
 i - a +0 helmet (worn)
Jewellery
 f - a +5 amulet of reflection (around neck)
 l - a ring of protection from cold (left hand)
 n - a ring of poison resistance (right hand)
 t - an uncursed ring of fire
 x - an uncursed amulet of harm
Scrolls
 q - a scroll of fear {unknown}
 s - 4 scrolls of teleportation {unknown}
Potions
 g - 2 potions of curing {unknown}
 j - a potion of flight {unknown}
 k - a potion of heal wounds {unknown}
 u - a potion of might {unknown}
 v - 2 potions of resistance
Books
 c - a book of Minor Magic

   Spells                             Type                      Level
   a - Magic Dart                     Conjuration                  1
   b - Blink                          Translocation                2
   c - Call Imp                       Summoning                    2
   d - Slow                           Hexes                        2
   e - Conjure Flame                  Conjuration/Fire             3
   f - Mephitic Cloud                 Conjuration/Poison/Air       3
Comestibles
 d - 2 meat rations
 m - 9 chunks of flesh
 p - 2 royal jellies


   Skills:
 + Level 3.4(1.8) Dodging
 - Level 2.6(1.1) Stealth
 - Level 3.2(1.6) Spellcasting
 - Level 3.0(1.3) Conjurations
 - Level 2.8(1.2) Summonings
 + Level 1.5(0.0) Translocations


You had 2 spell levels left.
You knew the following spells:

 Your Spells              Type           Power        Failure   Level  Hunger
a - Magic Dart            Conj           #...         10%         1    #......
b - Call Imp              Summ           #.......     16%         2    ###....
c - Blink                 Tloc           N/A          24%         2    ###....
d - Mephitic Cloud        Conj/Pois/Air  #.......     38%         3    ###....


Dungeon Overview and Level Annotations

Branches:
Dungeon (3/15)

Altars:
Cheibriados
Fedhas
Okawaru


Innate Abilities, Weirdness & Mutations

You are small and have problems with some larger weapons.
You are carnivorous and can eat meat at any time.


Message History

Your crimson imp blinks!
Casting: Magic Dart
Confirm with . or Enter, or press ? or * to list all spells.
Aiming: Magic Dart
Press: ? - help, Shift-Dir - straight line, f - orc wizard
Aim: an orc wizard, wielding a dagger and wearing a robe The magic dart hits the orc wizard.
Your crimson imp barely misses the orc.
You hit the orc wizard.
The orc wizard is lightly wounded.
The orc misses your crimson imp.
Your crimson imp barely misses the orc.
Your crimson imp disappears in a puff of smoke!
The orc wizard misses you.
Your crimson imp barely misses the orc.
Your crimson imp disappears in a puff of smoke!
The orc throws a stone.
The stone closely misses you.
The orc wizard casts a spell.
The orc wizard flickers and vanishes!
Deactivating autopickup; reactivate with Ctrl-A.
The orc priest invokes the aid of Beogh against you.
Beogh smites you!
You die...

#.##......#
#.##......#
#.........#
#.........#######
#...............#
#.##....).#####.##
###########...#..#
####.#.##(#
#....#...@#
####.#...##..##
#####....#...§..{.#
#..##.#...##.#.§#o#
#....#......#.o.(#
#.#...##.#...##o.#
##.#{.....#....ooo#
#.o.##.#..###(#..(#
.o.)..)#..o...#)..#


You could see an orc priest and 2 orcs.

Vanquished Creatures
  4 adders
  A worm (D:2)
  2 dart slugs (D:1)
  2 leopard geckos
  2 orcs (D:3)
  2 ball pythons (D:1)
  10 bats
  7 giant cockroaches
  9 goblins
  10 hobgoblins
  4 frilled lizards (D:2)
  7 kobolds
  7 rats
67 creatures vanquished.

Vanquished Creatures (collateral kills)
  2 worms
  A dart slug (D:2)
  2 orcs (D:3)
5 creatures vanquished.

Vanquished Creatures (others)
  A goblin (D:2)
1 creature vanquished.

Grand Total: 73 creatures vanquished

Notes
Turn   | Place    | Note
-------+----------+-------------------------------------------
     0 | D:1      | Gottschkopf the Kobold Wizard began the quest for the Orb.
     0 | D:1      | Reached XP level 1. HP: 10/10 MP: 4/4
   222 | D:1      | Reached XP level 2. HP: 6/15 MP: 0/6
   386 | D:1      | Learned a level 2 spell: Call Imp
   791 | D:1      | Reached XP level 3. HP: 19/19 MP: 4/7
  1692 | D:2      | Found a snail-covered altar of Cheibriados.
  1694 | D:2      | Reached XP level 4. HP: 24/24 MP: 5/8
  2770 | D:2      | Reached XP level 5. HP: 28/28 MP: 2/9
  2830 | D:2      | Found an iron altar of Okawaru.
  2913 | D:2      | Learned a level 2 spell: Blink
  3407 | D:3      | Learned a level 3 spell: Mephitic Cloud
  3567 | D:3      | Found a blossoming altar of Fedhas.
  3931 | D:3      | Killed from afar by an orc priest

Skill      XL: |  1  2  3  4 |
---------------+-------------+-----
Conjurations   | 2 3 |  3.0
Summonings     | 2 |  2.8
Dodging        | 3 |  3.4
Stealth        | |  2.6
Spellcasting   | |  3.2
Translocations | |  1.5

Action                   |  1- 3 |  4- 6 || total
-------------------------+-------+-------++-------
Melee: Unarmed           |    21 |       ||    21
       Dagger            |     3 |     9 ||    12
 Cast: Magic Dart        |    75 |   115 ||   190
       Call Imp          |     2 |    10 ||    12
       Blink             |       |    15 ||    15
  Use: Scroll            |       |     3 ||     3
 Stab: Sleeping          |       |     1 ||     1
  Eat: Chunk             |    10 |     8 ||    18
Armor: Robe              |     3 |     2 ||     5
Dodge: Dodged            |    19 |    24 ||    43
Block: Other             |     1 |     9 ||    10
       Reflection        |     1 |     4 ||     5
